 Dungeon Crawl Stone Soup version 0.22.1-1-ga44c0e56f4 (webtiles) character file.

60 Gunterle the Sneak (level 3, 0/16 HPs)
             Began as a Felid Wanderer on Oct 3, 2018.
             Slain by an orc
             ... wielding a +0 falchion
              (6 damage)
             ... on level 3 of the Dungeon.
             The game lasted 00:09:37 (3184 turns).

Gunterle the Sneak (Felid Wanderer)                 Turns: 3184, Time: 00:09:38

Health: 0/16       AC:  1    Str:  8    XL:     3   Next: 80%
Magic:  7/8        EV: 15    Int: 14    God:
Gold:   118        SH:  0    Dex: 15    Spells: 7/8 levels left
                                        Lives:  0   Deaths: 0

rFire    . . .     SeeInvis +     - Unarmed
rCold    . . .     Gourm    .   (shield unavailable)
rNeg     . . .     Faith    .   (armour unavailable)
rPois    .         Spirit   .   (helmet unavailable)
rElec    .         Reflect  .   (cloak unavailable)
rCorr    .         Harm     .   (gloves unavailable)
MR       .....                  (boots unavailable)
Stlth    +++.......             (no amulet)
HPRegen  0.05/turn              (no ring)
MPRegen  0.11/turn              (no ring)

@: quick
A: very small, no armour, no weapons or thrown items, stealth, claws 1, fangs 3,
see invisible, carnivore, speed 1, shaggy fur 1, slow metabolism 1, sharp paws
a: no special abilities


You were on level 3 of the Dungeon.
You were very full.

You visited 1 branch of the dungeon, and saw 3 of its levels.

You collected 118 gold pieces.

Inventory:

Scrolls
 e - a scroll of noise {unknown}
 g - a scroll of enchant weapon {unknown}
 h - a scroll of teleportation
 k - a scroll of remove curse
 l - a scroll of enchant armour {unknown}
 m - a scroll of identify {unknown}
Potions
 a - 2 potions of heal wounds
 b - a potion of berserk rage
 c - a potion of haste {unknown}
 d - 3 potions of curing
 i - a potion of lignification {unknown}
 j - a potion of ambrosia {unknown}
Comestibles
 f - 4 rations


   Skills:
 + Level 2.4 Fighting
 + Level 3.4 Stealth
 + Level 1.6 Unarmed Combat
 + Level 3.2 Spellcasting
 + Level 1.1 Conjurations
   Level 1.5 Translocations
   Level 1.0 Air Magic
 + Level 1.2 Poison Magic


You had 7 spell levels left.
You knew the following spells:

 Your Spells              Type           Power        Failure   Level  Hunger
a - Sting                 Conj/Pois      #...         13%         1    #......

Your spell library contained the following spells:

 Spells                   Type           Power        Failure   Level  Hunger
 Mephitic Cloud           Conj/Pois/Air  #.......     38%         3    ###....


Dungeon Overview and Level Annotations

Branches:
Dungeon (3/15)

Altars:
Dithmenos


Innate Abilities, Weirdness & Mutations

You cannot wear armour.
You are incapable of wielding weapons or throwing items.
Your paws allow you to move quietly. (Stealth)
You have sharp claws.
You have razor-sharp teeth.
You have supernaturally acute eyesight. (SInv)
You are carnivorous and can eat meat at any time.
You cover ground quickly.
You are covered in fur. (AC +1)
You have a slow metabolism.
Your sharp claws are effective at attacking unaware monsters.


Message History

You kill the bat!
No target in view!
An orc comes into view. It is wielding a dagger.
There is a stone staircase leading down here.
The orc shouts!
You hear a shout!
The orc throws a tomahawk.
The tomahawk barely misses you. The orc hits you with a falchion.
An orc wizard comes into view. It is wielding a dagger.
The orc shouts!
Found a robe and a scroll of remove curse.
You see here a tomahawk.
Casting: Sting (safe; 13% risk of failure)
Confirm with . or Enter, or press ? or * to list all spells.
Aiming: Sting (safe; 13% risk of failure)
Press: ? - help, Shift-Dir - straight line, f - orc wizard
Aim: an orc wizard, wielding a dagger and wearing a robe The sting hits the orc wizard.
The orc wizard appears unharmed.
The orc wizard casts a spell at you. The magic dart hits you!
The orc hits you with a falchion.
You die...

..### #........# .....#
#........# ......#
#........#
.....(....###........#
..........#..........#
..........#.####>#####
..........#.# #.#
............# #.#
#........#.## #@#
#........#.# #ooo.#
...........# #.o.....
...........####..%...[#
...........#.........?#
......................#
......................#
.......(.(.....#......#
.#........#.##$#


You could see an orc wizard and 3 orcs.

Vanquished Creatures
  An ooze (D:1)
  A worm (D:2)
  A dart slug (D:1)
  3 ball pythons
  10 bats
  6 giant cockroaches
  2 goblins
  6 hobgoblins (D:1)
  6 kobolds
  A quokka (D:2)
  A frilled lizard (D:1)
  A leopard gecko skeleton (D:3)
  6 rats (D:1)
45 creatures vanquished.

Notes
Turn   | Place    | Note
-------+----------+-------------------------------------------
     0 | D:1      | Gunterle the Felid Wanderer began the quest for the Orb.
     0 | D:1      | Gunterle set off with: a potion of heal wounds, a potion of
                  | berserk rage, a potion of curing, a ration
     0 | D:1      | Reached XP level 1. HP: 9/9 MP: 5/5
     2 | D:1      | Learned a level 1 spell: Sting
   199 | D:1      | Reached XP level 2. HP: 13/13 MP: 7/7
   620 | D:1      | Reached XP level 3. HP: 11/16 MP: 8/8
  1146 | D:1      | Reached skill level 1 in Poison Magic
  1318 | D:1      | Reached skill level 1 in Conjurations
  2594 | D:2      | Found a shadowy altar of Dithmenos.
  2852 | D:3      | Noticed an ice beast
  3184 | D:3      | Slain by an orc

Skill      XL: |  1  2  3 |
---------------+----------+-----
Stealth        | 3 |  3.4
Poison Magic   | 1 |  1.2
Conjurations   | 1 |  1.1
Fighting       | |  2.4
Unarmed Combat | |  1.6
Spellcasting   | |  3.2
Translocations | |  1.5
Air Magic      | |  1.0

Action                   || total
-------------------------++-------
Melee: Unarmed           ||   128
       Bite              ||     7
 Cast: Sting             ||     6
  Use: Scroll            ||     2
 Stab: Sleeping          ||    12
  Eat: Chunk             ||    11
Armor: Skin              ||    18
Dodge: Dodged            ||    98
